Map: Pilares de oro EE

Players

MrFercho

  • Race: Zerg Zerg
  • League: Gold
  • Spawn Location: 7:00

Gerxo - Winner!

  • Race: Protoss Protoss
  • League: Gold
  • Spawn Location: 1:00

VOD

Have the link to the VOD?

Description

Time

  • Played on: July 20, 2020, 6:21 p.m.
  • Length: 7:44
Show
View Real Time Build Order
Export as new Build Order

MrFercho Zerg 

Build Orders: Hatch First 

Get SALT Encoding   

  12  0:01  Drone  
  13  0:13  Overlord  
  13  0:27  Drone  
  14  0:31  Drone x2  
  16  0:52  Hatchery  
  16  0:53  Drone  
  16  0:57  Drone  
  16  1:01  Drone  
  18  1:07  Extractor  
  17  1:18  Spawning Pool  
  17  1:20  Drone  
  17  1:25  Drone  
  18  1:32  Drone  
  19  1:42  Overlord  
  19  1:55  Drone  
  20  2:13  Roach Warren  
  20  2:14  Drone  
  20  2:15  Drone  
  21  2:24  Drone  
  21  2:27  Drone x3  
  25  2:37  Queen  
  25  2:38  Extractor  
  26  2:51  Overlord  
  26  2:55  Roach  
  28  3:10  Hatchery  
  27  3:14  Lair  
  27  3:18  Roach x2  
  31  3:30  Overlord  
  31  3:32  Roach  
  33  3:41  Ravager x2  
  33  3:42  Ravager  
  33  3:44  Zergling x2  
  33  3:47  Zergling x2  
  38  3:48  Zergling x4  
  40  4:01  Evolution Chamber  
  41  4:10  Roach x2  
  41  4:12  Ravager  
  44  4:26  Roach x4  
  52  5:18  Overlord x2  
  52  5:19  Overlord  
  52  5:59  Overlord  
  49  6:10  Ravager x4  
  49  6:11  Ravager x2  
  46  6:53  Roach x5  
  46  6:54  Roach  
Show
View Real Time Build Order
Export as new Build Order

Gerxo Protoss - Winner!

Build Orders: Cannon Rush 

Get SALT Encoding   

  1  0:00  Probe  
  12  0:06  Probe  
  14  0:16  Probe  
  15  0:28  Pylon  
  15  0:46  Probe  
  15  0:48  Forge  
  16  0:51  Assimilator  
  16  0:58  Probe  
  17  1:13  Pylon  
  17  1:16  Pylon  
  17  1:32  Photon Cannon  
  17  1:35  Photon Cannon  
  17  1:40  Photon Cannon  
  17  1:50  Photon Cannon  
  17  1:53  Probe  
  17  2:01  Probe  
  19  2:12  Pylon  
  19  2:29  Photon Cannon  
  19  2:35  Gateway  
  19  2:40  Gateway  
  19  3:09  Gateway  
  19  3:24  Cybernetics Core  
  19  3:27  Gateway  
  19  3:33  Photon Cannon  
  19  3:43  Photon Cannon  
  19  3:47  Probe  
  19  3:48  Assimilator  
  19  3:51  Warp Gate  
  20  3:55  Probe  
  21  4:10  Stalker  
  23  4:22  Twilight Council, Probe  
  23  4:30  Probe  
  25  4:39  Protoss Ground Weapons Level 1  
  25  5:08  Stalker  
  25  5:09  Stalker  
  27  5:37  Stalker  
  27  5:39  Stalker x3  
  35  6:09  Stalker  
  35  6:10  Photon Cannon x2  
  37  6:20  Photon Cannon  
  31  6:43  Stalker  
  31  6:56  Stalker x2  
  35  7:06  Gateway, Stalker  
  37  7:09  Stalker  
  37  7:36  Stalker  
  39  7:37  Stalker  
  39  7:41  Stalker  
Tags
 
Add a new tag
Caveats
  • Supply blocks, unpowered buildings, or Contaminate may cause inaccurate times.
  • Supply counts are checked every 10 seconds.